 Dungeon Crawl Stone Soup version 0.30-a0-341-g682706514a (webtiles) character file.

Game seed: 490061471972275267

168 Engwar the Shield-Bearer (level 5, -3/53 HPs)
             Began as a Troll Fighter on Nov 1, 2022.
             Slain by a gnoll
             ... wielding a +0 flail
              (5 damage)
             ... on level 3 of the Dungeon.
             The game lasted 00:04:31 (1780 turns).

Engwar the Shield-Bearer (Troll Fighter)            Turns: 1780, Time: 00:04:32

Health: -3/53      AC:  4    Str: 24    XL:     5   Next: 23%
Magic:  4/4        EV:  8    Int:  6    God:
Gold:   139        SH:  7    Dex:  9    Spells: 4/4 levels left

rFire   . . .      SeeInvis .      - Unarmed
rCold   . . .      Faith    .    b - +0 kite shield
rNeg    . . .      Spirit   .    a - +0 robe
rPois   .          Reflect  .    (helmet restricted)
rElec   .          Harm     .    (no cloak)
rCorr   +          Rampage  .    (gloves unavailable)
Will    .....                    (boots unavailable)
Stlth   +.........               (no amulet)
HPRegen 1.08/turn                j - ring of resist corrosion
MPRegen 0.09/turn                (no ring)

@: no status effects
A: large, unfitting armour, claws 3, regeneration 1, shaggy fur 1, tough skin 1
a: no special abilities


You were on level 3 of the Dungeon.
You visited 1 branch of the dungeon, and saw 3 of its levels.

You collected 139 gold pieces.

Inventory:

Armour
 a - a +0 robe (worn)
 b - a +0 kite shield (worn)
Jewellery
 j - a ring of resist corrosion (left claw)
Scrolls
 e - a scroll of fog {unknown}
 h - a scroll of magic mapping {unknown}
 k - a scroll of amnesia {unknown}
 l - a scroll of blinking {unknown}
Potions
 c - a potion of might
 d - a potion of attraction {unknown}
 f - a potion of magic
 g - a potion of curing
 i - 2 potions of mutation
 n - a potion of brilliance


   Skills:
 + Level 3.4 Fighting
 - Level 2.4 Dodging
 + Level 3.8 Shields
 + Level 3.5 Unarmed Combat


You had 4 spell levels left.
You didn't know any spells.
Your spell library contained the following spells:

 Spells                   Type           Power      Damage    Failure   Level
 Summon Small Mammal      Summ           0%         N/A       75%         1
 Call Canine Familiar     Summ           0%         N/A       98%         3
 Portal Projectile        Hex/Tloc       0%         N/A       98%         3
 Summon Guardian Golem    Hex/Summ       0%         N/A       98%         3
 Tukima's Dance           Hex            0%         N/A       98%         3
 Blade Hands              Tmut           0%         N/A       100%        5


Dungeon Overview and Level Annotations

Branches:
Dungeon (3/15)

Altars:

Shops:
D:1 *


Innate Abilities, Weirdness & Mutations

You are too large for most types of armour.
You have claws for hands.
Your natural rate of healing is unusually fast.
You are covered in fur. (AC +1)
You have tough skin. (AC +1)


Message History

The gnoll shouts!
The gnoll throws a throwing net.
You block the throwing net.
You see here a throwing net.
The gnoll hits you from afar with a +0 spear.
A bat comes into view.
Found 15 gold pieces.
You block the gnoll's attack. The gnoll hits you with a +0 club.
You barely miss the gnoll.
The gnoll hits you from afar with a +0 spear.
You block the gnoll's attack.
You completely miss the gnoll. The gnoll hits you but does no damage.
You block the gnoll's attack. The gnoll hits you with a +0 club.
You claw the gnoll!
The gnoll is almost dead.
The gnoll closely misses you.
The gnoll hits you from afar with a +0 spear.
The gnoll hits you with a +0 club. The gnoll barely misses you. x2
The gnoll hits you but does no damage.
You scratch the gnoll.
You kill the gnoll!
You block the gnoll's attack.
The gnoll hits you from afar with a +0 spear.
The gnoll hits you with a +0 spear.
The gnoll hits you from afar with a +0 spear.
The gnoll hits you with a +0 flail!
You closely miss the gnoll. The gnoll closely misses you.
The gnoll hits you from afar with a +0 spear.
* * * LOW HITPOINT WARNING * * *
You block the gnoll's attack.
You barely miss the gnoll. The gnoll hits you but does no damage.
The gnoll hits you with a +0 flail!
* * * LOW HITPOINT WARNING * * *
The gnoll hits you from afar with a +0 spear.
* * * LOW HITPOINT WARNING * * *
You scratch the gnoll but do no damage. The gnoll hits you with a +0 spear.
* * * LOW HITPOINT WARNING * * *
The gnoll barely misses you. You block the gnoll's attack.
You barely miss the gnoll. The gnoll closely misses you.
The gnoll hits you with a +0 flail.
You die...

.. #...?..........
...#.........#....
........#......#
.......(..#..###
..##...g.....# #
#.##......#####
#.##...........
###.##..††........
#...@gg...........
......#g##....#.......
......................
b#$##########.#.#.....
.. #.#....... .
#########...#.....
......(...))....# .#
#######.#.#....... ...
##.#.#.......


You could see 3 gnolls.

Vanquished Creatures
  An ogre (D:3)
  A gnoll (D:3)
  An adder (D:3)
  A worm (D:2)
  A dart slug (D:1)
  4 endoplasms (D:1)
  2 giant cockroaches
  11 hobgoblins
  6 jackals
  4 quokkas
  3 ball pythons (D:1)
  4 bats
  3 frilled lizards
  5 goblins
  2 kobolds
  5 rats (D:2)
54 creatures vanquished.

Notes
Turn   | Place    | Note
-------+----------+-------------------------------------------
     0 | D:1      | Engwar the Troll Fighter began the quest for the Orb.
     0 | D:1      | Reached XP level 1. HP: 22/22 MP: 0/0
   165 | D:1      | Reached XP level 2. HP: 29/29 MP: 1/1
   648 | D:1      | Reached XP level 3. HP: 36/36 MP: 2/2
   659 | D:1      | Found Maecher's Assorted Antiques.
  1727 | D:3      | Noticed an ogre
  1735 | D:3      | Killed an ogre
  1736 | D:3      | Reached XP level 4. HP: 45/45 MP: 3/3
  1736 | D:3      | Reached XP level 5. HP: 53/53 MP: 4/4
  1779 | D:3      | HP: 1/53 [gnoll/+0 spear (5)]
  1780 | D:3      | Slain by a gnoll

Illustrated notes

Levels and vault maps discovered:
D:1:      tarquinn_simple_flora_water_b, layout_loops_corners, serial_shops,
          shop
D:2:      layout_loops_corners
D:3:      layout_rooms, mainiacjoe_overflow_six_doors_small,
          mainiacjoe_overflow_brackets

Skill      XL: |  1  2  3 |
---------------+----------+-----
Shields        | 3 |  3.8
Fighting       | 3 |  3.4
Unarmed Combat | 3 |  3.5
Dodging        | |  2.4

Action                   |  1- 3 |  4- 6 || total
-------------------------+-------+-------++-------
Melee: Unarmed           |   120 |    17 ||   137
  Use: Scroll            |     5 |       ||     5
 Stab: Sleeping          |     2 |       ||     2
Armor: Robe              |    24 |     9 ||    33
Dodge: Dodged            |    33 |     9 ||    42
Block: Kite shield       |    35 |     9 ||    44

Table legend: (Time is in decaauts)
 A = Elapsed time spent in this place.
 B = Non-inter-level travel time spent in this place.
 C = Inter-level travel time spent in this place.
 D = Time resting spent in this place.
 E = Time spent auto-exploring this place.
 F = Levels seen in this place.
 G = Mean time per level.
                   A        B        C        D        E       F      G
               +--------+--------+--------+--------+--------+-----+--------+
         Total |   1790 |   1739 |     51 |      0 |   1406 |   3 |  596.7 |
       Dungeon |   1790 |   1739 |     51 |      0 |   1406 |   3 |  596.7 |
               +--------+--------+--------+--------+--------+-----+--------+

Top non-repeatable levels by time:
     D:1: 883 daAuts
     D:2: 815 daAuts
     D:3: 92 daAuts
